 Dungeon Crawl Stone Soup version 0.29.0-4-gdea44cf6ec (webtiles) character file.

Game seed: 11919392278083185778

104 qw the Ruffian (level 4, -2/36 HPs)
             Began as a Ghoul Fire Elementalist on Aug 29, 2022.
             Slain by a black bear (4 damage)
             ... on level 3 of the Dungeon.
             The game lasted 00:02:05 (2257 turns).

qw the Ruffian (Ghoul Fire Elementalist)            Turns: 2257, Time: 00:02:05

Health: -2/36      AC:  7    Str: 13    XL:     4   Next: 80%
Magic:  5/5        EV: 11    Int: 10    God:
Gold:   108        SH:  0    Dex:  9    Spells: 5/6 levels left

rFire   . . .      SeeInvis .     - Unarmed
rCold   + . .      Faith    .   (no shield)
rNeg    + + +      Spirit   .   d - +0 leather armour
rPois   inf        Reflect  .   (no helmet)
rElec   .          Harm     .   (no cloak)
rCorr   .          Rampage  .   a - +3 pair of gauntlets of War {Slay+5}
Will    .....                   (no boots)
Stlth   +.........              (no amulet)
HPRegen 0.00/turn               (no ring)
MPRegen 0.09/turn               (no ring)

@: inhibited regen
A: claws 1, cold resistance 1, negative energy resistance 3, inhibited
regeneration, torment resistance 2, devour on kill
a: no special abilities


You were on level 3 of the Dungeon.
You visited 1 branch of the dungeon, and saw 3 of its levels.

You collected 108 gold pieces.


Innate Abilities, Weirdness & Mutations

You are immune to poison.
You have sharp fingernails.
Your flesh is cold resistant. (rC+)
You are immune to negative energy. (rN+++)
You do not regenerate when monsters are visible.
You are immune to unholy pain and torment.
You thrive by killing the living.


   Skills:
 + Level 1.6 Fighting
 - Level 1.7 Dodging
 - Level 2.1 Stealth
 - Level 4.2 Unarmed Combat
 - Level 1.7 Spellcasting
 - Level 0.7 Conjurations
 - Level 2.4 Fire Magic


You had 5 spell levels left.
You knew the following spells:

 Your Spells              Type           Power      Damage    Failure   Level
a - Foxfire               Conj/Fire      16%        2x1d4     22%         1

Your spell library contained the following spells:

 Spells                   Type           Power      Damage    Failure   Level
 Scorch                   Fire           10%        2d5       22%         2
 Conjure Flame            Conj/Fire      4%         6-21      54%         3
 Inner Flame              Hex/Fire       3%         N/A       58%         3
 Flame Wave               Conj/Fire      4%         2d5       91%         4

Inventory:

Armour
 a - the +3 pair of gauntlets of War (worn) {Slay+5}
   (You acquired it on level 1 of the Dungeon)

   Slay:      It affects your accuracy & damage with ranged weapons and melee
   (+5).
 d - a +0 leather armour (worn)
Jewellery
 f - a +6 ring of dexterity
 j - a ring of protection from cold
Scrolls
 g - 3 scrolls of teleportation
 h - a scroll of amnesia {unknown}
Potions
 b - 2 potions of curing
 c - a potion of cancellation {unknown}
 e - a potion of attraction {unknown}
 i - 2 potions of haste

Dungeon Overview and Level Annotations

Branches:
Dungeon (3/15)

Altars:


Message History

The black bear closely misses you.
You closely miss the black bear.
The black bear is lightly wounded.
The black bear misses you. The black bear claws you. x2
You hit the black bear. You punch the black bear.
The black bear is heavily wounded.
The black bear bites you but does no damage.
The black bear barely misses you. x2
You hit the black bear but do no damage.
The black bear is heavily wounded.
The black bear barely misses you. The black bear misses you.
The black bear claws you but does no damage.
You hit the black bear but do no damage.
The black bear is heavily wounded.
The black bear bites you but does no damage.
The black bear claws you but does no damage. x2
You hit the black bear.
The black bear is heavily wounded.
The black bear misses you. The black bear claws you.
The black bear claws you but does no damage.
You hit the black bear.
The black bear is severely wounded.
The black bear bites you. The black bear claws you.
The black bear barely misses you.
You hit the black bear.
The black bear is almost dead.
The black bear goes berserk!
You hit the black bear.
The black bear is almost dead.
The black bear bites you.
The black bear claws you but does no damage.
The black bear closely misses you.
You barely miss the black bear.
The black bear is almost dead.
The black bear bites you. The black bear claws you.
The black bear closely misses you.
You barely miss the black bear.
The black bear is almost dead.
The black bear bites you! The black bear claws you.
You die...

#.# #.# # #.# ..## #.#
...### #.# ...## #.#
####... #h# #......
#####@####### #......
##...........## #.....#
##.............###.....#
#...............##<..>(#
#...............##.....#
#...(...........##.....#
#...............#####..#
#...............# ##..
##.............## ##


You could see a black bear (berserk).

Vanquished Creatures
  A hound (D:3)
  2 adders (D:2)
  4 worms (D:2)
  4 ball pythons
  3 bats
  4 endoplasms
  A giant cockroach (D:3)
  7 goblins
  5 hobgoblins
  4 kobolds (D:3)
  3 quokkas
  3 frilled lizards
  2 rats (D:3)
43 creatures vanquished.

Notes
Turn   | Place    | Note
-------+----------+-------------------------------------------
     0 | D:1      | qw the Ghoul Fire Elementalist began the quest for the Orb.
     0 | D:1      | Reached XP level 1. HP: 14/14 MP: 2/2
     0 | D:1      | 0 ||| qw: Version: 0.1-a-90-g952f4b7
     0 | D:1      | 0 ||| qw: Game counter: 3936
     0 | D:1      | 0 ||| qw: Always use a shield: true
     0 | D:1      | 0 ||| qw: God list: Okawaru
     0 | D:1      | 0 ||| qw: Allow faded altars: false
     0 | D:1      | 0 ||| qw: Do Orc after D:15 true
     0 | D:1      | 0 ||| qw: Do second Lair branch before Depths: true
     0 | D:1      | 0 ||| qw: Lair rune preference: random
     0 | D:1      | 0 ||| qw: Plans: Normal
     0 | D:1      | 0 ||| PLANNING D:1-11
   185 | D:1      | Reached skill level 1 in Unarmed Combat
   347 | D:1      | Reached skill level 1 in Fighting
   347 | D:1      | Reached XP level 2. HP: 21/23 MP: 3/3
   841 | D:1      | 841 ||| UPGRADING to +0 leather armour.
   851 | D:1      | 851 ||| DROPPING +0 robe.
   852 | D:1      | 852 ||| READING scroll labelled XAR NOAVUZXOGE.
   853 | D:1      | 853 ||| READING 3 scrolls labelled QUOMAEVVIJE.
   856 | D:1      | 856 ||| READING scroll labelled IQOM CENUQAS.
   857 | D:1      | 857 ||| READING scroll labelled DOTYURHIUD.
   857 | D:1      | Identified a scroll of acquirement
   857 | D:1      | 857 ||| ACQUIRING +3 pair of gauntlets of War {Slay+5}
   857 | D:1      | Acquired the +3 pair of gauntlets of War {Slay+5}
   857 | D:1      | Found the +3 pair of gauntlets of War {Slay+5}
   859 | D:1      | 859 ||| UPGRADING to +3 pair of gauntlets of War {Slay+5}.
   864 | D:1      | 864 ||| READING scroll labelled ZEUS MUGRAMU.
   865 | D:1      | 865 ||| READING scroll labelled SUNWANEBRI.
   866 | D:1      | 866 ||| DRINKING 2 red potions.
   867 | D:1      | 867 ||| DROPPING potion of magic.
   933 | D:2      | Reached skill level 2 in Unarmed Combat
   933 | D:2      | Reached XP level 3. HP: 28/28 MP: 4/4
  1011 | D:2      | 1011 ||| Stepping ~*~*~tactically~*~*~ (stealth).
  1044 | D:2      | Found a faded altar of an unknown god.
  1197 | D:2      | 1197 ||| Stepping ~*~*~tactically~*~*~ (stealth).
  1203 | D:2      | 1203 ||| Stepping ~*~*~tactically~*~*~ (stealth).
  1207 | D:2      | 1207 ||| Stepping ~*~*~tactically~*~*~ (stealth).
  1217 | D:2      | 1217 ||| Stepping ~*~*~tactically~*~*~ (stealth).
  1232 | D:2      | 1232 ||| Stepping ~*~*~tactically~*~*~ (outnumbered).
  1234 | D:2      | Reached skill level 3 in Unarmed Combat
  1472 | D:2      | 1472 ||| Stepping ~*~*~tactically~*~*~ (stealth).
  1477 | D:2      | Reached XP level 4. HP: 32/35 MP: 5/5
  1774 | D:2      | 1774 ||| READING scroll labelled LOMPYO TEIL.
  1775 | D:2      | 1775 ||| DRINKING 3 bubbling purple potions.
  1825 | D:3      | Reached skill level 4 in Unarmed Combat
  1830 | D:3      | 1830 ||| Stepping ~*~*~tactically~*~*~ (outnumbered).
  1937 | D:3      | 1937 ||| Stepping ~*~*~tactically~*~*~ (stealth).
  1997 | D:3      | 1997 ||| Stepping ~*~*~tactically~*~*~ (stealth).
  2091 | D:3      | 2091 ||| Stepping ~*~*~tactically~*~*~ (stealth).
  2093 | D:3      | 2093 ||| Stepping ~*~*~tactically~*~*~ (stealth).
  2150 | D:3      | 2150 ||| Stepping ~*~*~tactically~*~*~ (stealth).
  2167 | D:3      | 2167 ||| Stepping ~*~*~tactically~*~*~ (stealth).
  2172 | D:3      | 2172 ||| Stepping ~*~*~tactically~*~*~ (stealth).
  2173 | D:3      | 2173 ||| Stepping ~*~*~tactically~*~*~ (stealth).
  2175 | D:3      | 2175 ||| Stepping ~*~*~tactically~*~*~ (stealth).
  2176 | D:3      | 2176 ||| Stepping ~*~*~tactically~*~*~ (stealth).
  2236 | D:3      | Noticed a black bear
  2257 | D:3      | HP: 2/36 [black bear (10)]
  2257 | D:3      | Slain by a black bear

Levels and vault maps discovered:
D:1:      nagdon_arrival_double_spiral, layout_basic, skrybe_limestone_x,
          roderic_roman_lattice
D:2:      layout_loops_ring, shapermc_ecumenical_altar_petra
D:3:      layout_rooms

Skill      XL: |  1  2  3  4 |
---------------+-------------+-----
Unarmed Combat | 1 2 3 4 |  4.2
Fighting       | 1 |  1.6
Dodging        | |  1.7
Stealth        | |  2.1
Spellcasting   | |  1.7
Conjurations   | |  0.7
Fire Magic     | |  2.4

Action                   |  1- 3 |  4- 6 || total
-------------------------+-------+-------++-------
Melee: Unarmed           |    99 |    54 ||   153
       Punch             |     2 |     3 ||     5
  Use: Scroll            |     6 |     1 ||     7
       Potion            |     1 |     1 ||     2
Armor: Robe              |     8 |       ||     8
       Leather armour    |     9 |    27 ||    36
Dodge: Dodged            |    48 |    37 ||    85

Table legend:
 A = Non-vault XP
 B = Vault XP
 C = Vault XP percentage of total XP
 D = Non-vault monster count
 E = Vault monster count
 F = Vault count percentage of total count
                 A         B        C        D         E       F
            +---------+---------+-------+---------+---------+-------
      Total |     149 |       0 |   0.0 |      43 |       0 |   0.0
            +---------+---------+-------+---------+---------+-------
        D:1 |      17 |       0 |   0.0 |      10 |       0 |   0.0
        D:2 |      68 |       0 |   0.0 |      19 |       0 |   0.0
        D:3 |      64 |       0 |   0.0 |      14 |       0 |   0.0
            +---------+---------+-------+---------+---------+-------
